 Dungeon Crawl Stone Soup version 0.25.1-2-g60ff931df9 (webtiles) character file.

Game seed: 9805165476794196531

2013 pokeman the Thaumaturge (level 9, -2/48 HPs)
             Began as a Deep Elf Wizard on Nov 13, 2020.
             Was an Initiate of Vehumet.
             Slain by a howler monkey (3 damage)
             ... on level 7 of the Dungeon.
             The game lasted 00:18:44 (8792 turns).

pokeman the Thaumaturge (Deep Elf Wizard)           Turns: 8792, Time: 00:18:45

Health: -2/48      AC:  7    Str:  4    XL:     9   Next: 2%
Magic:  2/25       EV: 12    Int: 27    God:    Vehumet [......]
Gold:   388        SH:  0    Dex: 13    Spells: 18/29 levels left

rFire    . . .     SeeInvis .   y - +1 trident (venom)
rCold    . . .     Gourm    .   (no shield)
rNeg     . . .     Faith    .   l - +0 leather armour
rPois    .         Spirit   .   s - +2 hat
rElec    .         Reflect  .   i - +0 cloak (curse)
rCorr    .         Harm     .   (no gloves)
MR       .....                  u - +0 pair of boots (curse)
Stlth    ++........             (no amulet)
HPRegen  0.16/turn              (no ring)
MPRegen  0.19/turn              (no ring)

@: no status effects
A: no striking features
a: Renounce Religion


You were on level 7 of the Dungeon.
You worshipped Vehumet.
Vehumet was noncommittal.
You were hungry.

You visited 2 branches of the dungeon, and saw 8 of its levels.

You collected 388 gold pieces.

Inventory:

Hand Weapons
 c - a +0 shortbow
 j - a +4 quarterstaff of chaos
 v - a +0 dagger of venom
 w - the +5 mace of the Shore {holy, rElec rPois Str+3 Int-4 Dex-5}
   (You found it on level 4 of the Dungeon)

   It has been blessed by the Shining One to cause great damage to the undead
   and demons.
   It affects your strength (+3).
   It affects your intelligence (-4).
   It affects your dexterity (-5).
   It insulates you from electricity.
   It protects you from poison.
 y - a +1 trident of venom (weapon)
Missiles
 b - 37 bolts
 B - 69 arrows
Armour
 i - a cursed +0 cloak (worn)
 l - a +0 leather armour (worn)
 s - a +2 hat (worn)
 u - a cursed +0 pair of boots (worn)
Jewellery
 g - an uncursed ring of ice
Wands
 C - a wand of polymorph (4)
Scrolls
 e - a scroll of enchant weapon {unknown}
 h - a scroll of blinking
 n - 3 scrolls of teleportation
 q - a scroll of identify
Potions
 a - 3 potions of curing
 f - a potion of resistance
 k - 2 potions of might {unknown}
 m - a potion of lignification {unknown}
 o - 4 potions of haste {unknown}
 p - a potion of flight {unknown}
 r - a potion of stabbing {unknown}
 t - a potion of heal wounds {unknown}
 x - 2 potions of brilliance {unknown}
 z - a potion of ambrosia {unknown}
 A - a potion of mutation {unknown}
Comestibles
 d - 8 rations
 D - 3 chunks of flesh


   Skills:
 - Level 2.0 Fighting
 + Level 3.1 Armour
 - Level 3.0 Dodging
 - Level 3.0 Stealth
 * Level 10.6 Spellcasting
 + Level 5.7 Conjurations
 - Level 1.1 Summonings
 - Level 1.1 Translocations
 + Level 5.0 Fire Magic
 - Level 1.0 Air Magic
 - Level 1.0 Poison Magic


You had 18 spell levels left.
You knew the following spells:

 Your Spells              Type           Power        Failure   Level  Hunger
a - Magic Dart            Conj           ####         1%          1    None
b - Mephitic Cloud        Conj/Pois/Air  ####....     7%          3    None
c - Call Imp              Summ           ###.....     7%          2    None
d - Blink                 Tloc           N/A          7%          2    None
e - Conjure Flame         Conj/Fire      #####...     2%          3    None

Your spell library contained the following spells:

 Spells                   Type           Power        Failure   Level  Hunger
 Slow                     Hex            ##......     11%         2    None


Dungeon Overview and Level Annotations

Branches:
Dungeon (7/15)             Temple (1/1) D:6

Altars:
Ashenzari
Dithmenos
Elyvilon
Fedhas
Gozag
Hepliaklqana
Kikubaaqudgha
Makhleb
Nemelex Xobeh
Okawaru
Qazlal
Sif Muna
Trog
Uskayaw
Vehumet
Wu Jian
Yredelemnul
Zin
The Shining One

Shops:
D:5 *


Message History

You barely miss the howler monkey.
The howler monkey is almost dead.
You kill the howler monkey!
Vehumet accepts your kill.
Your Fire Magic skill increases to level 5!
The howler monkey barely misses you.
You hit the howler monkey.
The howler monkey is heavily wounded.
The howler monkey hits you.
* * * LOW HITPOINT WARNING * * *
The howler monkey hits you.
* * * LOW HITPOINT WARNING * * *
Unknown command.
The howler monkey hoots and howls with incredible vigour!
You hear a howl!
You hit the howler monkey but do no damage.
The howler monkey looks even sicker.
The howler monkey is severely wounded.
The howler monkey hits you.
You die...

.....#.... ....... .#
........# #...##.#
######...##.# ........#
............#####........
...............##...#...#
..........≈....##......#.
........@†.....##....#...
.........h†....##........
..........≈#...##...##...
...........#.............
...........#.............
#######....#.............
#....#.............
#....####.....##.##
###### #...........


You could see a howler monkey (very poisoned, catching breath).

Vanquished Creatures
  A wyvern (D:6)
  Edmund (D:5)
  2 orc warriors
  2 sky beasts (D:7)
  An ice beast (D:6)
  2 phantoms
  A centaur (D:6)
  Blork the orc (D:5)
  A bullfrog (D:7)
  A scorpion (D:5)
  2 howler monkeys
  4 orc wizards
  3 hounds
  4 orc priests
  A centaur skeleton (D:6)
  2 iguanas
  3 worker ants
  A howler monkey skeleton (D:6)
  Robin (D:2)
  8 adders
  2 shadow imps
  3 oozes
  2 worms
  A dart slug (D:4)
  3 leopard geckos
  16 orcs
  5 giant cockroaches
  5 hobgoblins
  5 jackals (D:3)
  5 quokkas
  13 bats
  5 frilled lizards
  A giant cockroach zombie (D:5)
  18 goblins
  7 kobolds
  2 leopard gecko skeletons
  A quokka skeleton (D:6)
  A quokka zombie (D:5)
  5 rats
142 creatures vanquished.

Vanquished Creatures (collateral kills)
  An ice beast (D:6)
  Crazy Yiuf (D:3)
  A jackal (D:3)
3 creatures vanquished.

Grand Total: 145 creatures vanquished

Notes
Turn   | Place    | Note
-------+----------+-------------------------------------------
     0 | D:1      | pokeman the Deep Elf Wizard began the quest for the Orb.
     0 | D:1      | Reached XP level 1. HP: 10/10 MP: 7/7
   461 | D:1      | Reached XP level 2. HP: 16/16 MP: 7/9
  1073 | D:2      | Reached skill level 5 in Spellcasting
  1148 | D:2      | Reached XP level 3. HP: 20/20 MP: 0/11
  1156 | D:2      | Noticed Robin
  1740 | D:2      | Reached skill level 1 in Fighting
  1761 | D:2      | Learned a level 3 spell: Mephitic Cloud
  1766 | D:2      | Learned a level 2 spell: Call Imp
  1769 | D:2      | Learned a level 2 spell: Blink
  1773 | D:2      | Learned a level 3 spell: Conjure Flame
  1885 | D:2      | Reached skill level 1 in Armour
  1917 | D:2      | Killed Robin
  1970 | D:2      | Reached XP level 4. HP: 25/25 MP: 5/13
  2775 | D:3      | Reached skill level 6 in Spellcasting
  2852 | D:3      | Found an opulent altar of Gozag.
  3006 | D:3      | Found a runed translucent door.
  3007 | D:3      | Noticed Crazy Yiuf
  3021 | D:3      | HP: 1/25 [poisoned by miscasting Mephitic Cloud]
  3101 | D:3      | Reached XP level 5. HP: 11/29 MP: 5/15
  3850 | D:3      | Killed Crazy Yiuf
  4117 | D:3      | Reached skill level 1 in Fire Magic
  4117 | D:3      | Reached skill level 1 in Poison Magic
  4846 | D:4      | Got a twisted mace
  4847 | D:4      | Identified the +5 mace of the Shore {holy, rElec rPois
                  | Str+3 Int-4 Dex-5} (You found it on level 4 of the Dungeon)
  4962 | D:4      | Reached XP level 6. HP: 29/34 MP: 4/17
  5288 | D:4      | Reached skill level 1 in Air Magic
  5349 | D:4      | Reached skill level 7 in Spellcasting
  5551 | D:5      | Entered Level 5 of the Dungeon
  5564 | D:5      | Noticed Blork the orc
  5576 | D:5      | Killed Blork the orc
  5633 | D:5      | Reached XP level 7. HP: 11/39 MP: 3/20
  6252 | D:5      | Found a glowing golden altar of the Shining One.
  6425 | D:5      | Noticed Edmund
  6432 | D:5      | Killed Edmund
  6432 | D:5      | Reached skill level 8 in Spellcasting
  6473 | D:5      | Found Yhafunt's Assorted Antiques.
  6550 | D:6      | Noticed a wyvern
  6563 | D:6      | Killed a wyvern
  6581 | D:6      | HP: 1/40 [orc priest/divine providence (17)]
  7064 | D:6      | Reached XP level 8. HP: 25/44 MP: 7/22
  7081 | D:6      | Reached skill level 9 in Spellcasting
  7611 | D:6      | Reached skill level 5 in Conjurations
  7731 | D:6      | Found a burning altar of Makhleb.
  8135 | D:6      | Found a staircase to the Ecumenical Temple.
  8144 | Temple   | Entered the Ecumenical Temple
  8206 | Temple   | Became a worshipper of Vehumet
  8409 | D:7      | Reached skill level 10 in Spellcasting
  8779 | D:7      | Reached XP level 9. HP: 12/48 MP: 5/25
  8788 | D:7      | Reached skill level 5 in Fire Magic
  8789 | D:7      | HP: 1/48 [howler monkey (3)]
  8792 | D:7      | Slain by a howler monkey

Illustrated notes

Levels and vault maps discovered:
D:1:      minmay_arrival_glassed_features, layout_loops_corners
D:2:      minmay_chambers_of_twos, layout_basic, minmay_tiny_reverse_x,
          uniq_robin
D:3:      layout_basic, nicolae_gozag_cash_rules_everything_around_me,
          uniq_crazy_yiuf_cottage
D:4:      layout_rooms, serial_forest, infiniplex_forest_corner_2,
          infiniplex_forest_lined_1, infiniplex_forest_corner_1,
          infiniplex_forest_zigzag_1, infiniplex_forest_zigzag_1,
          infiniplex_forest_diagonal, infiniplex_forest_lined_2,
          infiniplex_forest_straight_1, infiniplex_forest_diagonal,
          minmay_misc_feat_alley, hangedman_decor_push, minmay_tree_intersection
D:5:      layout_loops_cross, serial_shops, nicolae_shop_stone, first_ration,
          nicolae_tso_carved_into_rock, uniq_edmund, uniq_blork_the_orc
D:6:      layout_loops_corners, makhleb_heckhound_becter,
          minmay_temple_entry_poolview, nicolae_ossuary_entry_false_entrances
D:7:      layout_basic, serial_shops, shop_statue, uniq_harold
Temple:   hc_temple_tempest_star

Skill      XL: |  1  2  3  4  5  6  7  8  9 |
---------------+----------------------------+-----
Spellcasting   | 5 6 7 8 10 | 10.6
Fighting       | 1 2 |  2.0
Armour         | 1 3 |  3.1
Conjurations   | 2 3 4 5 |  5.7
Stealth        | 3 |  3.0
Dodging        | 3 |  3.0
Fire Magic     | 1 2 3 4 5 |  5.0
Poison Magic   | 1 |  1.0
Air Magic      | 1 |  1.0
Summonings     | |  1.1
Translocations | |  1.1

Action                   |  1- 3 |  4- 6 |  7- 9 || total
-------------------------+-------+-------+-------++-------
Melee: Unarmed           |     4 |       |       ||     4
       Mace              |       |    17 |       ||    17
       Quarterstaff      |       |     2 |       ||     2
       Dagger            |       |     2 |       ||     2
       Trident           |       |       |    78 ||    78
 Cast: Magic Dart        |    85 |   193 |   112 ||   390
       Mephitic Cloud    |       |     6 |    14 ||    20
       Blink             |       |     3 |     1 ||     4
       Call Imp          |       |     5 |     2 ||     7
       Conjure Flame     |       |     2 |     8 ||    10
  Use: Potion            |       |     2 |       ||     2
       Scroll            |       |       |     5 ||     5
 Stab: Confused          |       |     4 |     5 ||     9
  Eat: Chunk             |     3 |     6 |     4 ||    13
       Ration            |       |     1 |     2 ||     3
Armor: Robe              |     2 |       |       ||     2
       Leather armour    |    10 |    26 |    11 ||    47
Dodge: Dodged            |    21 |    53 |    26 ||   100
